 Dungeon Crawl Stone Soup version bcrawl-1.19.2-6-g6a88ae04c9 (webtiles) character file.

Game seed: 18285886808635475542

343 Freyura the Cudgeler (level 6, -1/39 HPs)
             Began as a Gargoyle Monk on Jan 5, 2020.
             Was an Initiate of Ru.
             Slain by a gnoll
             ... wielding a +0 spear
              (4 damage)
             ... on level 4 of the Dungeon.
             The game lasted 00:08:05 (3430 turns).

Freyura the Cudgeler (Gargoyle Monk)                Turns: 3430, Time: 00:08:05

Health: -1/39      AC: 12    Str: 14    XL:     6   Next: 57%
Magic:  0/7        EV: 10    Int: 11    God:    Ru [......]
Gold:   131        SH:  0    Dex: 14    Spells: 5/5 levels left

rFire    . . .     SeeInvis .   a - +1 mace
rCold    . . .     Gourm    .   (no shield)
rNeg     + . .     Faith    .   e - +0 scale mail
rPois    ∞         Spirit   +   c - +0 hat
rElec    +         Reflect  .   (no cloak)
rCorr    .         Harm     .   l - +0 pair of gloves
MR       +....                  (no boots)
Stlth    +.........             d - amulet of guardian spirit
HPRegen  0.13/turn              i - ring of protection from magic
MPRegen  0.10/turn              (no ring)

@: glowing
A: negative energy resistance 1, electricity resistance, unbreathing,
petrification resistance, rot immunity, AC +4
a: Renounce Religion


You were on level 4 of the Dungeon.
You worshipped Ru.
Ru was noncommittal.
You were very hungry.

You visited 1 branch of the dungeon, and saw 4 of its levels.

You collected 131 gold pieces.

Inventory:

Hand Weapons
 a - a +1 mace (weapon)
Armour
 b - a +0 robe
 c - a +0 hat (worn)
 e - a +0 scale mail (worn)
 l - a +0 pair of gloves (worn)
Jewellery
 d - an amulet of guardian spirit (around neck)
 i - a ring of protection from magic (left hand)
Wands
 p - a wand of flame (1)
Scrolls
 j - a scroll of teleportation
 k - 2 scrolls of remove curse
 q - a scroll of enchant weapon
 t - a scroll of identify {unknown}
Potions
 g - 2 potions of flight {unknown}
 h - a potion of agility {unknown}
 m - 2 potions of mutation {unknown}
 n - 3 potions of heal wounds {unknown}
 o - 2 potions of curing {unknown}
 r - a potion of might {unknown}
 s - a potion of berserk rage {unknown}
 u - a potion of brilliance {unknown}
 v - a potion of degeneration {unknown}
Comestibles
 f - 5 rations {!d}


   Skills:
 + Level 4.5 Fighting
 * Level 5.0 Maces & Flails
 + Level 2.8 Armour
 + Level 3.4 Dodging
 - Level 2.4 Stealth
   Level 2.1 Invocations


You had 5 spell levels left.
You didn't know any spells.
Your spell library was empty.

Dungeon Overview and Level Annotations

Branches:
Dungeon (4/12)
 Temple: D:4-7

Altars:
Lugonu
Makhleb
Ru
Sif Muna
Vehumet


Innate Abilities, Weirdness & Mutations

You are resistant to torment.
Your stone body is resilient. (AC +4)
You are immune to poison.
You resist negative energy. (rN+)
You are resistant to electric shocks. (rElec)
You can survive without breathing.
You are immune to petrification.
You are immune to rotting.


Message History

The gnoll hits you but does no damage.
You closely miss the gnoll.
The gnoll is heavily wounded.
The gnoll closely misses you.
The gnoll hits you from afar with a +0 spear.
* * * LOW HITPOINT WARNING * * *
You hit the gnoll but do no damage.
The gnoll is heavily wounded.
The gnoll hits you with a +0 flail.
* * * LOW HITPOINT WARNING * * *
The gnoll hits you but does no damage.
You hit the gnoll but do no damage.
The gnoll is heavily wounded.
The gnoll closely misses you. The gnoll hits you but does no damage.
The gnoll closely misses you.
You hit the gnoll.
The gnoll is severely wounded.
The gnoll closely misses you. The gnoll hits you but does no damage.
The gnoll hits you from afar with a +0 spear.
You die...

........#
........# ......
........#. .....#
........#.##
.....#
........#..# #....
........##.# ##...
......_.##.###.ggg
.............).#g#
....⌠.......####@#
.........÷.......#
#._...........####
#.......#.....#
###...###.....#
### #.#####.)...#
#..# #.
#.......###..# #
###.#.........#
...#.....#####


You could see 4 gnolls.

Vanquished Creatures
  4 crimson imps
  A gnoll shaman (D:4)
  An orc wizard (D:3)
  2 worker ants (D:4)
  An adder (D:4)
  2 oozes
  3 worms
  3 dart slugs
  A leopard gecko (D:1)
  5 orcs
  4 bats
  2 giant cockroaches
  7 goblins
  7 hobgoblins
  7 jackals (D:2)
  5 kobolds
  A quokka (D:4)
  2 ball pythons
  5 frilled lizards
  3 rats
66 creatures vanquished.

Notes
Turn   | Place    | Note
-------+----------+-------------------------------------------
     0 | D:1      | Freyura the Gargoyle Monk began the quest for the Orb.
     0 | D:1      | Reached XP level 1. HP: 14/14 MP: 2/2
   308 | D:1      | Reached XP level 2. HP: 19/19 MP: 3/3
  1123 | D:2      | Reached skill level 1 in Armour
  1140 | D:2      | Reached XP level 3. HP: 18/23 MP: 4/4
  2252 | D:2      | Reached XP level 4. HP: 28/29 MP: 5/5
  2409 | D:3      | Found a shimmering blue altar of Sif Muna.
  2494 | D:3      | Found a radiant altar of Vehumet.
  2494 | D:3      | Found a burning altar of Makhleb.
  2500 | D:3      | Reached skill level 4 in Maces & Flails
  2524 | D:3      | Reached XP level 5. HP: 32/33 MP: 6/6
  3053 | D:4      | Found a sacrificial altar of Ru.
  3112 | D:4      | Reached XP level 6. HP: 10/39 MP: 4/7
  3167 | D:4      | Found a corrupted altar of Lugonu.
  3206 | D:4      | Reached skill level 5 in Maces & Flails
  3212 | D:4      | Became a worshipper of Ru the Awakened
  3430 | D:4      | Slain by a gnoll

Skill      XL: |  1  2  3  4  5  6 |
---------------+-------------------+-----
Armour         | 1 2 |  2.8
Maces & Flails | 4 5 |  5.0
Fighting       | 4 |  4.5
Dodging        | 3 |  3.4
Stealth        | |  2.4
Invocations    | |  2.1

Action                   |  1- 3 |  4- 6 || total
-------------------------+-------+-------++-------
Melee: Mace              |   145 |   184 ||   329
Invok: Reject Sacrifices |       |     1 ||     1
  Use: Scroll            |     4 |       ||     4
  Eat: Chunk             |     2 |     2 ||     4
       Ration            |     1 |       ||     1
Armor: Scale mail        |    72 |   128 ||   200
Dodge: Dodged            |    83 |   119 ||   202
